ESL (28 & UNDER)
WILMINGTON REBELS @ MT PLEASANT BEARCATS
09/12/2026
 
TOP OF THE 1ST
Wilmington Rebels batting - Pitching for Mt Pleasant Bearcats : LHP Rob Price
Pitching: LHP Rob Price
Batting: SHB Charles Alexander 0-0: Ball
1-0: Ball
2-0: Ball
3-0: Base on Balls
Batting: RHB Roy MacCluskie 0-0: Fly out, F7 (Flyball, 7S)
Batting: RHB Enrico Bonizo 0-0: Called Strike
0-1: Foul Ball, location: 2F
0-2: Ball
1-2: Ball
2-2: Ball
3-2: Ground out 1-3 (Groundball, 23)
Charles Alexander to second
Batting: RHB Joey Boyd 0-0: Called Strike
0-1: Ball
1-1: Foul Ball, location: 2F
1-2: Ball
2-2: Ball
3-2: Ground out 4-3 (Groundball, 4)
Top of the 1st over - 0 run(s), 0 hit(s), 0 error(s), 1 left on base; Wilmington 0 - Mt Pleasant 0
BOTTOM OF THE 1ST
Mt Pleasant Bearcats batting - Pitching for Wilmington Rebels : RHP Kip Brown
Pitching: RHP Kip Brown
Batting: RHB Roberto Martínez 0-0: Called Strike
0-1: Ground out 5-3 (Groundball, 56)
Batting: RHB Ricardo Salazar 0-0: Ball
1-0: Ground out 5-3 (Groundball, 5S)
Batting: RHB Patrick Potts 0-0: Ball
1-0: Ground out 4-3 (Groundball, 4M)
Bottom of the 1st over - 0 run(s), 0 hit(s), 0 error(s), 0 left on base; Wilmington 0 - Mt Pleasant 0
TOP OF THE 2ND
Wilmington Rebels batting - Pitching for Mt Pleasant Bearcats : LHP Rob Price
Batting: RHB Francisco Tañón 0-0: Ball
1-0: Ball
2-0: Called Strike
2-1: Fly out, F2 (Popup, 2RF)
Batting: LHB Chandler Hubbard 0-0: Ball
1-0: Foul Ball, location: 2F
1-1: Swinging Strike
1-2: Strikes out swinging
Batting: LHB Denny Poole 0-0: Called Strike
0-1: Ball
1-1: Swinging Strike
1-2: Strikes out swinging
Top of the 2nd over - 0 run(s), 0 hit(s), 0 error(s), 0 left on base; Wilmington 0 - Mt Pleasant 0
BOTTOM OF THE 2ND
Mt Pleasant Bearcats batting - Pitching for Wilmington Rebels : RHP Kip Brown
Batting: RHB Pat Fernández 0-0: Fly out, F4 (Popup, 4D)
Batting: RHB Irving Galloway 0-0: Called Strike
0-1: Ground out 5-3 (Groundball, 56)
Batting: RHB Jaime Hernández 0-0: Ball
1-0: Fly out, F4 (Popup, 3)
Bottom of the 2nd over - 0 run(s), 0 hit(s), 0 error(s), 0 left on base; Wilmington 0 - Mt Pleasant 0
TOP OF THE 3RD
Wilmington Rebels batting - Pitching for Mt Pleasant Bearcats : LHP Rob Price
Batting: RHB Al Reese 0-0: Ball
1-0: SINGLE (Groundball, 34S)
Batting: RHB Jessie Thompson 0-0: SINGLE (Groundball, 56D)
Al Reese to second
Batting: SHB Charles Alexander 0-0: Called Strike
0-1: Ball
1-1: Ball
2-1: Foul Ball, location: 2F
2-2: Ball
3-2: Fly out, F7 (Flyball, 7LS)
Batting: RHB Roy MacCluskie 0-0: Called Strike
0-1: Ball
1-1: Foul Ball, location: 2F
1-2: Ball
2-2: Foul Ball, location: 2F
2-2: Ball
3-2: Base on Balls
Al Reese to third
Jessie Thompson to second
Batting: RHB Enrico Bonizo 0-0: Ball
1-0: Ball
2-0: Ball
3-0: Called Strike
3-1: Base on Balls
Al Reese scores
Jessie Thompson to third
Roy MacCluskie to second
Batting: RHB Joey Boyd 0-0: Swinging Strike
0-1: Foul Ball, location: 2F
0-2: Ball
1-2: Ball
2-2: Strikes out looking
Batting: RHB Francisco Tañón 0-0: Foul Ball, location: 2F
0-1: Ball
1-1: Ball
2-1: Swinging Strike
2-2: Ground out 1-3 (Groundball, 13S)
Top of the 3rd over - 1 run(s), 2 hit(s), 0 error(s), 3 left on base; Wilmington 1 - Mt Pleasant 0
BOTTOM OF THE 3RD
Mt Pleasant Bearcats batting - Pitching for Wilmington Rebels : RHP Kip Brown
Batting: RHB Martín Pérez 0-0: Ball
1-0: Foul Ball, location: 2F
1-1: Ground out 5-3 (Groundball, 56)
Batting: RHB Carlos Luna 0-0: Called Strike
0-1: Ball
1-1: Foul Ball, location: 2F
1-2: Strikes out swinging
Batting: RHB Nicoli Turina 0-0: Ball
1-0: Called Strike
1-1: Called Strike
1-2: Strikes out looking
Bottom of the 3rd over - 0 run(s), 0 hit(s), 0 error(s), 0 left on base; Wilmington 1 - Mt Pleasant 0
TOP OF THE 4TH
Wilmington Rebels batting - Pitching for Mt Pleasant Bearcats : LHP Rob Price
Batting: LHB Chandler Hubbard 0-0: Ball
1-0: SINGLE (Groundball, 13) (infield hit)
Batting: LHB Denny Poole 0-0: Ball
1-0: Foul Ball, location: 2F
1-1: Foul Ball, location: 2F
1-2: Fielders Choice at 2nd, 4-6 (Groundball, 34)
Batting: RHB Al Reese 0-0: Ball
1-0: Called Strike
1-1: Foul Ball, location: 2F
1-2: Ball
2-2: Fly out, F3 (Popup, 3SF)
Batting: RHB Jessie Thompson 0-0: Ball
1-0: Called Strike
1-1: Ball
2-1: Foul Ball, location: 2F
2-2: Ground out 1-3 (Groundball, 25)
Top of the 4th over - 0 run(s), 1 hit(s), 0 error(s), 1 left on base; Wilmington 1 - Mt Pleasant 0
BOTTOM OF THE 4TH
Mt Pleasant Bearcats batting - Pitching for Wilmington Rebels : RHP Kip Brown
Batting: RHB Roberto Martínez 0-0: Foul Ball, location: 2F
0-1: Ball
1-1: Foul Ball, location: 2F
1-2: Ball
2-2: Strikes out swinging
Batting: RHB Ricardo Salazar 0-0: Called Strike
0-1: Foul Ball, location: 2F
0-2: Ball
1-2: Foul Ball, location: 2F
1-2: Ball
2-2: Foul Ball, location: 2F
2-2: Ball
3-2: Strikes out looking
Batting: RHB Patrick Potts 0-0: Foul Ball, location: 2F
0-1: Fly out, F3 (Popup, 3F)
Bottom of the 4th over - 0 run(s), 0 hit(s), 0 error(s), 0 left on base; Wilmington 1 - Mt Pleasant 0
TOP OF THE 5TH
Wilmington Rebels batting - Pitching for Mt Pleasant Bearcats : LHP Rob Price
Batting: SHB Charles Alexander 0-0: Foul Ball, location: 2F
0-1: Ball
1-1: Called Strike
1-2: Fly out, F9 (Popup, 34D)
Batting: RHB Roy MacCluskie 0-0: Called Strike
0-1: Ball
1-1: DOUBLE (Line Drive, 78M)
Batting: RHB Enrico Bonizo 0-0: Ball
1-0: Ground out 6-3 (Groundball, 6)
Batting: RHB Joey Boyd 0-0: Ball
Wild Pitch!
Roy MacCluskie to third
1-0: SINGLE (Groundball, 4MD)
Roy MacCluskie scores
Batting: RHB Francisco Tañón 0-0: Ball
1-0: Called Strike
1-1: Ball
2-1: Fly out, F8 (Line Drive, 8LM)
Top of the 5th over - 1 run(s), 2 hit(s), 0 error(s), 1 left on base; Wilmington 2 - Mt Pleasant 0
BOTTOM OF THE 5TH
Mt Pleasant Bearcats batting - Pitching for Wilmington Rebels : RHP Kip Brown
Batting: RHB Pat Fernández 0-0: Ground out 6-3 (Groundball, 6)
Batting: RHB Irving Galloway 0-0: Ground out 6-3 (Groundball, 6M)
Batting: RHB Jaime Hernández 0-0: SINGLE (Groundball, 5D)
Batting: RHB Martín Pérez 0-0: Ball
1-0: Foul Ball, location: 2F
1-1: Foul Ball, location: 2F
1-2: Fly out, F7 (Flyball, 8LXD)
Bottom of the 5th over - 0 run(s), 1 hit(s), 0 error(s), 1 left on base; Wilmington 2 - Mt Pleasant 0
TOP OF THE 6TH
Wilmington Rebels batting - Pitching for Mt Pleasant Bearcats : LHP Rob Price
Batting: LHB Chandler Hubbard 0-0: Ball
1-0: SINGLE (Line Drive, 56S)
Batting: LHB Denny Poole 0-0: Foul Ball, location: 2F
0-1: Fly out, F7 (Flyball, 7M)
Pitching: LHP León Hernández
Batting: RHB Al Reese 0-0: Called Strike
0-1: Called Strike
0-2: Strikes out swinging
Batting: RHB Jessie Thompson 0-0: Ball
1-0: Foul Ball, location: 2F
1-1: Fly out, F9 (Flyball, 89D)
Top of the 6th over - 0 run(s), 1 hit(s), 0 error(s), 1 left on base; Wilmington 2 - Mt Pleasant 0
BOTTOM OF THE 6TH
Mt Pleasant Bearcats batting - Pitching for Wilmington Rebels : RHP Kip Brown
Batting: RHB Carlos Luna 0-0: Swinging Strike
0-1: Reached on error, E5 (Groundball, 56S)
Batting: RHB Nicoli Turina 0-0: Called Strike
0-1: Ball
1-1: Called Strike
1-2: Strikes out swinging
Batting: RHB Roberto Martínez 0-0: Called Strike
Carlos Luna steals 2nd base
0-1: SINGLE (Line Drive, 56D)
Carlos Luna to third
Runner from 3rd tries for Home, SAFE, no throw or cutoff
Batting: RHB Ricardo Salazar 0-0: Called Strike
0-1: Grounds into double play, 4-6-3 (Groundball, 4)
Bottom of the 6th over - 1 run(s), 1 hit(s), 1 error(s), 0 left on base; Wilmington 2 - Mt Pleasant 1
TOP OF THE 7TH
Wilmington Rebels batting - Pitching for Mt Pleasant Bearcats : LHP León Hernández
Batting: SHB Charles Alexander 0-0: Foul Ball, location: 2F
0-1: Foul Ball, location: 2F
0-2: Ball
1-2: Fly out, F2 (Popup, 2R)
Batting: RHB Roy MacCluskie 0-0: Foul Ball, location: 2F
0-1: Called Strike
0-2: Strikes out swinging
Batting: RHB Enrico Bonizo 0-0: Ball
1-0: Ground out 6-3 (Groundball, 6)
Top of the 7th over - 0 run(s), 0 hit(s), 0 error(s), 0 left on base; Wilmington 2 - Mt Pleasant 1
BOTTOM OF THE 7TH
Mt Pleasant Bearcats batting - Pitching for Wilmington Rebels : RHP Kip Brown
Batting: RHB Patrick Potts 0-0: Foul Ball, location: 2F
0-1: Ball
1-1: Ball
2-1: SINGLE (Groundball, 56D)
Batting: RHB Pat Fernández 0-0: Ball
1-0: DOUBLE (Line Drive, 9LS)
Patrick Potts to third
Pinch Hitting: LHB Colm Massey 0-0: Ball
1-0: Ball
2-0: SINGLE (Groundball, 34)
Patrick Potts scores
Pat Fernández to third
Pinch Hitting: RHB Jeffrey Hicks 0-0: Ball
1-0: Swinging Strike
1-1: Swinging Strike
1-2: Strikes out swinging
Pinch Hitting: SHB William Hamilton 0-0: Called Strike
0-1: Ball
1-1: Fly out, F8 (Flyball, 8RM)
Runner from 3rd tags up, SCORES, throw made
Pinch Runner at 1st Juan Trujillo:
Pinch Hitting: RHB Yasutoki Kojima 0-0: Ball
Juan Trujillo is caught stealing 2nd base
Bottom of the 7th over - 2 run(s), 3 hit(s), 0 error(s), 0 left on base; Wilmington 2 - Mt Pleasant 3
TOP OF THE 8TH
Wilmington Rebels batting - Pitching for Mt Pleasant Bearcats : LHP León Hernández
Pitching: RHP Lewis Sweeney
Now at 3B: William Hamilton
Now at SS: Fernando Pérez
Now in LF: Juan Trujillo
Now in RF: Jeffrey Hicks
Batting: RHB Joey Boyd 0-0: Ball
1-0: Swinging Strike
1-1: Called Strike
1-2: Ball
2-2: Foul Ball, location: 2F
2-2: Foul Ball, location: 2F
2-2: Ball
3-2: Ground out 5-3 (Groundball, 56)
Batting: RHB Francisco Tañón 0-0: Called Strike
0-1: Ball
1-1: Ball
2-1: Ball
3-1: Swinging Strike
3-2: Base on Balls
Pitching: LHP Ed Stevens
Pinch Hitting: RHB Jackson Gibson 0-0: 2-RUN HOME RUN (Flyball, 89D), Distance : 394 ft
Batting: LHB Denny Poole 0-0: Called Strike
0-1: Ground out U3 (Groundball, 3)
Batting: RHB Al Reese 0-0: Called Strike
0-1: Ball
1-1: Ball
2-1: Called Strike
2-2: Ball
3-2: Reached on error, E5 (Groundball, 5S)
Batting: RHB Jessie Thompson 0-0: Ball
1-0: Called Strike
1-1: Ball
2-1: Called Strike
2-2: Ball
3-2: Foul Ball, location: 2F
3-2: 2-RUN HOME RUN (Flyball, 78XD), Distance : 391 ft
Batting: SHB Charles Alexander 0-0: Called Strike
0-1: Fly out, F9 (Line Drive, 9S)
Top of the 8th over - 4 run(s), 2 hit(s), 1 error(s), 0 left on base; Wilmington 6 - Mt Pleasant 3
BOTTOM OF THE 8TH
Mt Pleasant Bearcats batting - Pitching for Wilmington Rebels : RHP Kip Brown
Now at 1B: Tim Bruce
Batting: RHB Fernando Pérez 0-0: Foul Ball, location: 2F
0-1: Called Strike
0-2: Strikes out swinging
Batting: RHB Nicoli Turina 0-0: Ball
1-0: Foul Ball, location: 2F
1-1: DOUBLE (Line Drive, 7D)
Batting: RHB Roberto Martínez 0-0: Called Strike
0-1: Foul Ball, location: 2F
0-2: Ground out U3 (Groundball, 3S)
Nicoli Turina to third
Batting: RHB Ricardo Salazar 0-0: Foul Ball, location: 2F
0-1: Ball
1-1: Swinging Strike
1-2: Ball
2-2: Ball
3-2: Ground out 1-3 (Groundball, 13S)
Bottom of the 8th over - 0 run(s), 1 hit(s), 0 error(s), 1 left on base; Wilmington 6 - Mt Pleasant 3
TOP OF THE 9TH
Wilmington Rebels batting - Pitching for Mt Pleasant Bearcats : LHP Ed Stevens
Batting: RHB Roy MacCluskie 0-0: Swinging Strike
0-1: Ball
1-1: Swinging Strike
1-2: Foul Ball, location: 2F
1-2: Ball
2-2: Foul Ball, location: 2F
2-2: Strikes out swinging
Batting: RHB Enrico Bonizo 0-0: Ball
1-0: Ball
2-0: Called Strike
2-1: Swinging Strike
2-2: Strikes out swinging
Batting: RHB Joey Boyd 0-0: Swinging Strike
0-1: Foul Ball, location: 2F
0-2: Ball
1-2: Ball
2-2: Strikes out looking
Top of the 9th over - 0 run(s), 0 hit(s), 0 error(s), 0 left on base; Wilmington 6 - Mt Pleasant 3
BOTTOM OF THE 9TH
Mt Pleasant Bearcats batting - Pitching for Wilmington Rebels : RHP Kip Brown
Pitching: LHP Juan Cruz
Batting: RHB Patrick Potts 0-0: Ball
1-0: Foul Ball, location: 2F
1-1: Ball
2-1: Ball
3-1: Base on Balls
Batting: RHB Pat Fernández 0-0: DOUBLE (Line Drive, 7LD)
Patrick Potts to third
Batting: RHB Juan Trujillo 0-0: Ball
1-0: Foul Ball, location: 2F
1-1: Ball
2-1: Ball
3-1: Base on Balls
Batting: RHB Jeffrey Hicks 0-0: Ball
1-0: Ball
2-0: Ball
3-0: Called Strike
3-1: Base on Balls
Patrick Potts scores
Pat Fernández to third
Juan Trujillo to second
Batting: SHB William Hamilton 0-0: Foul Ball, location: 2F
0-1: Ball
1-1: Swinging Strike
1-2: Ball
2-2: Ball
3-2: Base on Balls
Pat Fernández scores
Juan Trujillo to third
Jeffrey Hicks to second
Pinch Hitting: RHB Chris Jones 0-0: Ball
1-0: Swinging Strike
1-1: Called Strike
1-2: Strikes out swinging
Batting: RHB Nicoli Turina 0-0: Foul Ball, location: 2F
0-1: Ball
1-1: Ball
2-1: SINGLE (Groundball, 2L) (infield hit)
Juan Trujillo scores
Jeffrey Hicks to third
William Hamilton to second
Pitching: LHP Matt Fritz
Batting: RHB Roberto Martínez 0-0: Ball
1-0: SINGLE (Groundball, 6)
Jeffrey Hicks scores
Monday, December 5th, 2016 - OOTP Baseball 17.12 Build 75